 Dungeon Crawl Stone Soup version 0.31-a0-214-gb37851dbb3 (webtiles) character file.

Game seed: 6655037271728267483

130 qw the Chopper (level 5, 0/32 HPs)
             Began as a Gargoyle Fighter on July 1, 2023.
             Slain by a gnoll
             ... wielding a +0 halberd
              (6 damage)
             ... on level 3 of the Dungeon.
             The game lasted 00:01:08 (2461 turns).

qw the Chopper (Gargoyle Fighter)                   Turns: 2461, Time: 00:01:08

Health: 0/32       AC: 13    Str: 22    XL:     5   Next: 14%
Magic:  4/4        EV:  8    Int:  8    God:
Gold:   172        SH:  4    Dex:  9    Spells: 4/4 levels left

rFire   . . .        Y - +0 war axe
rCold   . . .        c - +0 buckler
rNeg    + . .        i - +0 chain mail
rPois   inf          (no helmet)
rElec   +            (no cloak)
rCorr   .            (no gloves)
SInv    .            (no boots)
Will    .....        (no amulet) Stlth
                     (no ring)
HPRegen 0.25/turn    (no ring)
MPRegen 0.09/turn

%: no passive effects
@: no status effects
A: sickness immunity, AC +4, negative energy resistance 1, electricity
resistance, torment resistance 1, petrification resistance, low MP 1
a: no special abilities


You were on level 3 of the Dungeon.
You visited 1 branch of the dungeon, and saw 3 of its levels.

You collected 172 gold pieces.


Innate Abilities, Weirdness & Mutations

You are immune to sickness and miasma.
Your stone body is resilient. (AC +4)
You are immune to poison.
You resist negative energy. (rN+)
You are resistant to electric shocks. (rElec)
You are resistant to unholy torment.
You are immune to petrification.
Your magical capacity is low. (-10% MP)


   Skills:
 - Level 3.2 Fighting
 + Level 4.7 Axes
 - Level 3.2 Armour
 - Level 3.2 Shields


You had 4 spell levels left.
You didn't know any spells.
Your spell library was empty.

Inventory:

Hand Weapons
 p - a +0 flail
 Y - a +0 war axe (weapon)
Missiles
 q - 4 boomerangs
Armour
 c - a +0 buckler (worn)
 i - a +0 chain mail (worn)
Scrolls
 a - 2 scrolls of identify
 b - a scroll of teleportation {unknown}
 f - a scroll of enchant armour {unknown}
 o - 2 scrolls of silence {unknown}
Potions
 d - 2 potions of might
 e - a potion of heal wounds
 g - a potion of haste
 h - a potion of cancellation
 j - a potion of enlightenment
 k - 2 potions of curing
 l - 2 potions of degeneration {unknown}
 m - a potion of invisibility {unknown}
 n - a potion of mutation

Dungeon Overview and Level Annotations

Branches:
Dungeon (3/15)

Altars:
Qazlal


Message History

You slash the gnoll!
You kill the gnoll!
You hit the gnoll but do no damage. The gnoll hits you but does no damage.
You closely miss the gnoll.
The gnoll hits you from afar with a +0 spear.
The gnoll hits you but does no damage. The gnoll barely misses you. x2
You block the gnoll's attack. The gnoll hits you but does no damage.
You barely miss the gnoll.
The gnoll hits you but does no damage. x2; You block the gnoll's attack.
You hit the gnoll.
The gnoll is moderately wounded.
The gnoll hits you but does no damage.
The gnoll hits you from afar with a +0 halberd.
The gnoll hits you but does no damage.
You slash the gnoll!
You kill the gnoll!
The gnoll hits you from afar with a +0 spear.
The gnoll hits you from afar with a +0 halberd.
You have reached level 5!
The gnoll barely misses you. The gnoll hits you but does no damage.
Enter note:
Enter note:
Enter note: You hit the gnoll.
The gnoll is lightly wounded.
You slash the gnoll!
The gnoll hits you but does no damage. x2; The gnoll misses you.
The gnoll hits you with a +0 halberd!
You slash the gnoll!
You kill the gnoll!
You hit the gnoll. The gnoll hits you but does no damage.
You hit the gnoll.
The gnoll is severely wounded.
The gnoll hits you but does no damage.
You closely miss the gnoll.
The gnoll is severely wounded.
The gnoll hits you with a +0 halberd. x2
You die...

##.#.# #.... ..... .... ###
#..# #.. ...# #..# #.# #..#
### #)g#####. #.# #..# ...
#@....... #.# ..# #.#
##.).##### #.# ..# #.####
##.....## #)## #.# #.##.##
##.......## #..###.#
#.#...####......[..####......#
#........'.........'..........
#.#.>.####.........####...##.#
#.##>## ##.....<.## ##.###.#
#.#### ##.....## ###....


You could see a gnoll.

Vanquished Creatures
  Jessica (D:3)
  3 gnolls (D:3)
  3 worms
  A dart slug (D:1)
  5 orcs (D:2)
  5 ball pythons
  2 bats (D:1)
  7 endoplasms
  A giant cockroach (D:1)
  A goblin (D:3)
  3 hobgoblins
  6 quokkas
  5 frilled lizards
  2 kobolds
  20 rats
65 creatures vanquished.

Notes
Turn   | Place    | Note
-------+----------+-------------------------------------------
     0 | D:1      | qw the Gargoyle Fighter began the quest for the Orb.
     0 | D:1      | Reached XP level 1. HP: 14/14 MP: 1/1
     0 | D:1      | 0 ||| qw: Version: 0.3-a-32-g5962c71
     0 | D:1      | 0 ||| qw: Game counter: 7477
     0 | D:1      | 0 ||| qw: Melee chars always use a shield: true
     0 | D:1      | 0 ||| qw: God list: Okawaru
     0 | D:1      | 0 ||| qw: Allow faded altars: false
     0 | D:1      | 0 ||| qw: Do Orc after clearing Dungeon:15 true
     0 | D:1      | 0 ||| qw: Do second Lair branch before Depths: true
     0 | D:1      | 0 ||| qw: Lair rune preference: random
     0 | D:1      | 0 ||| qw: Goals: Normal, Zot:1-4, Slime:5, God:TSO, Crypt,
                  | Tomb, Abyss, Pan, Hells, Win
     0 | D:1      | 0 ||| PLANNING D:1-11
    34 | D:1      | Reached skill level 2 in Axes
   116 | D:1      | 116 ||| Stepping ~*~*~tactically~*~*~ (hiding).
   117 | D:1      | 117 ||| Stepping ~*~*~tactically~*~*~ (hiding).
   118 | D:1      | 118 ||| Stepping ~*~*~tactically~*~*~ (hiding).
   119 | D:1      | 119 ||| Stepping ~*~*~tactically~*~*~ (hiding).
   126 | D:1      | Reached XP level 2. HP: 12/19 MP: 2/2
   645 | D:1      | Reached skill level 3 in Axes
  1018 | D:1      | 1018 ||| READING 4 scrolls labelled MEABEXZA VESTE.
  1019 | D:1      | 1019 ||| DRINKING 2 glowing puce potions.
  1020 | D:1      | 1020 ||| READING 3 scrolls of identify.
  1020 | D:1      | 1020 ||| IDENTIFYING orange potion
  1065 | D:2      | 1065 ||| Stepping ~*~*~tactically~*~*~ (stealth).
  1069 | D:2      | Reached XP level 3. HP: 23/23 MP: 3/3
  1153 | D:2      | 1153 ||| DROPPING +0 club.
  1345 | D:2      | 1345 ||| Stepping ~*~*~tactically~*~*~ (stealth).
  1346 | D:2      | 1346 ||| Stepping ~*~*~tactically~*~*~ (stealth).
  1546 | D:2      | 1546 ||| DROPPING +0 mace.
  1672 | D:2      | 1672 ||| UPGRADING to +0 chain mail.
  1682 | D:2      | 1682 ||| DROPPING +0 scale mail.
  1683 | D:2      | 1683 ||| READING scroll labelled NUQILO POIN.
  1684 | D:2      | 1684 ||| READING scroll labelled VYEXERGH TIGRI.
  1685 | D:2      | 1685 ||| DRINKING 3 fizzy pink potions.
  1686 | D:2      | 1686 ||| DRINKING 2 brown potions.
  1686 | D:2      | Gained mutation: Your magical capacity is low. (-10% MP)
                  | [potion of mutation]
  1687 | D:2      | 1687 ||| READING 3 scrolls of identify.
  1687 | D:2      | 1687 ||| IDENTIFYING glowing dark potion
  1688 | D:2      | 1688 ||| READING 2 scrolls of identify.
  1688 | D:2      | 1688 ||| IDENTIFYING glowing blue potion
  1830 | D:3      | Noticed Jessica
  1831 | D:3      | 1831 ||| Stepping ~*~*~tactically~*~*~ (stealth).
  1832 | D:3      | 1832 ||| Stepping ~*~*~tactically~*~*~ (stealth).
  1835 | D:3      | 1835 ||| Stepping ~*~*~tactically~*~*~ (hiding).
  1836 | D:3      | 1836 ||| Stepping ~*~*~tactically~*~*~ (hiding).
  1840 | D:3      | 1840 ||| Stepping ~*~*~tactically~*~*~ (hiding).
  1847 | D:3      | 1847 ||| Stepping ~*~*~tactically~*~*~ (hiding).
  1848 | D:3      | 1848 ||| Stepping ~*~*~tactically~*~*~ (hiding).
  1857 | D:3      | Killed Jessica
  1858 | D:3      | Reached skill level 4 in Axes
  1858 | D:3      | Reached XP level 4. HP: 28/28 MP: 3/3
  1897 | D:3      | Found a faded altar of an unknown god.
  2404 | D:3      | Found a stormy altar of Qazlal.
  2447 | D:3      | 2447 ||| Stepping ~*~*~tactically~*~*~ (hiding).
  2457 | D:3      | Reached XP level 5. HP: 19/32 MP: 4/4
  2461 | D:3      | HP: 6/32 [gnoll/+0 halberd (5)]
  2461 | D:3      | Slain by a gnoll

Levels and vault maps discovered:
D:1:      arrival_zaba_pyramid, layout_loops_corners
D:2:      layout_rooms, nicolae_the_louvre
D:3:      cheibrodos_helix_gallery, layout_loops_corners,
          mainiacjoe_overflow_swirl, chequers_ecumenical_altar_twisty,
          minmay_rat_hole, uniq_jessica

Skill      XL: |  1  2  3 |
---------------+----------+-----
Axes           | 2 3 4 |  4.7
Fighting       | |  3.2
Armour         | |  3.2
Shields        | |  3.2

Action                     |  1- 3 |  4- 6 || total
---------------------------+-------+-------++-------
  Melee: War axe           |   112 |    70 ||   182
    Use: Scroll            |     6 |       ||     6
         Potion            |     3 |       ||     3
 Armour: Scale mail        |    38 |       ||    38
         Chain mail        |     7 |    42 ||    49
  Dodge: Dodged            |    53 |    27 ||    80
  Block: Buckler           |    16 |    11 ||    27

Table legend:
 A = Non-vault XP
 B = Vault XP
 C = Vault XP percentage of total XP
 D = Non-vault monster count
 E = Vault monster count
 F = Vault count percentage of total count
                 A         B        C        D         E       F
            +---------+---------+-------+---------+---------+-------
      Total |     130 |      57 |  30.5 |      45 |      20 |  30.8
            +---------+---------+-------+---------+---------+-------
        D:1 |      33 |       0 |   0.0 |      18 |       0 |   0.0
        D:2 |      42 |       0 |   0.0 |      18 |       0 |   0.0
        D:3 |      55 |      57 |  50.9 |       9 |      20 |  69.0
            +---------+---------+-------+---------+---------+-------
